 Dungeon Crawl Stone Soup version 0.27-a0-773-gaaee5cf45b (webtiles) character file.

Game seed: 5319978786168761972

23 robertstho the Magician (level 2, 0/22 HPs)
             Began as a Djinni Fire Elementalist on Mar 25, 2021.
             Hit by a goblin thrown by Robin (2 damage)
             ... on level 2 of the Dungeon.
             The game lasted 00:00:59 (1043 turns).

robertstho the Magician (Djinni Fire Elementalist)  Turns: 1043, Time: 00:00:59

Health: 0/22       AC:  2    Str:  7    XL:     2   Next: 95%
Gold:   37         EV: 12    Int: 16    God:
                   SH:  0    Dex: 13

rFire    + + .     SeeInvis .   b - +0 rapier
rCold    x . .     Faith    .   (no shield)
rNeg     . . .     Spirit   .   a - +0 robe
rPois    ∞         Reflect  .   (no helmet)
rElec    .         Harm     .   (no cloak)
rCorr    .         Rampage  .   (no gloves)
Will     .....                  (boots unavailable)
Stlth    ++........             (no amulet)
HPRegen  0.07/turn              (no ring)
MPRegen  0.00/turn              (no ring)

@: flying
A: fire resistance 2, cold vulnerability 1, float, innate caster, hp casting,
extra vitality 1
a: no special abilities


You were on level 2 of the Dungeon.
You visited 1 branch of the dungeon, and saw 2 of its levels.

You collected 37 gold pieces.

Inventory:

Hand Weapons
 b - a +0 rapier (weapon)
Armour
 a - a +0 robe (worn)


   Skills:
 * Level 0.5 Fighting
 + Level 2.2 Dodging
 - Level 1.5 Stealth
 * Level 3.4 Spellcasting


You couldn't memorise any spells.
You knew the following spells:

 Your Spells              Type           Power      Damage    Failure   Level
a - Foxfire               Conj/Fire      52%        2x1d6     4%          1
b - Conjure Flame         Conj/Fire      13%        6-21      13%         3
c - Inner Flame           Hex/Fire       13%        N/A       13%         3
d - Sticky Flame          Conj/Fire      13%        2d4       41%         4
e - Fireball              Conj/Fire      6%         3d5       77%         5
Your spell library was empty.

Dungeon Overview and Level Annotations

Branches:
Dungeon (2/15)

Altars:

Annotations:
D:2 Robin


Innate Abilities, Weirdness & Mutations

You are immune to poison.
Your flesh is very heat resistant. (rF++)
You are vulnerable to cold. (rC-)
You float through the air rather than walking.
You learn spells naturally, not from books.
Your magical power is your life essence.
You have superior vitality. (+4 HP)


Message History

The foxfire hits the goblin.
You kill the goblin!
Casting: Foxfire (safe; 4% risk of failure)
Confirm with . or Enter, or press ? or * to list all spells.
You conjure some foxfire!
The foxfire hits the goblin.
The goblin is severely wounded.
The foxfire hits the goblin.
The goblin is almost dead.
A goblin comes into view. It is wielding a +0 club.
Casting: Foxfire (safe; 4% risk of failure)
Confirm with . or Enter, or press ? or * to list all spells.
You conjure some foxfire!
* * * LOW HITPOINT WARNING * * *
The foxfire hits the goblin.
You kill the goblin!
The foxfire hits Robin.
Robin is heavily wounded.
Casting: Foxfire (safe; 4% risk of failure)
Confirm with . or Enter, or press ? or * to list all spells.
You conjure some foxfire!
* * * LOW HITPOINT WARNING * * *
The foxfire hits Robin.
Robin is heavily wounded.
Unknown command.
You aren't carrying any potions.
The foxfire hits the goblin.
The goblin is heavily wounded.
The foxfire hits the goblin.
The goblin is severely wounded.
The foxfire hits Robin.
Robin is severely wounded.
As you read the scroll labelled WOOTOISEIL, it crumbles to dust.
You feel aware of your surroundings.
You sensed 1 altar.
It was a scroll of magic mapping.
Robin throws the goblin at you!
* * * LOW HITPOINT WARNING * * *
The goblin hits you with a +0 club.
* * * LOW HITPOINT WARNING * * *
You aren't carrying any potions.
The goblin hits you but does no damage. Robin throws the goblin at you!
You die...

*,,,,,,,* *,**,***,,,,*
*,,, *,,,,,,,*
*,,,,,,,,,,,* *,**
*,,,,,,,*
*****,,,,,******,**
*,,,,,,,*#######,,,,,*
*,,,,,
*********#.....#,,,,,*
*,*,,, #.....#,,,..*
*,**** #.....#,....*
*,,,,, ####..g.g#.....*
*,,,,* #<.....@.......*
*,,,,*
#....g.g.......*********
#....g.#......<**,,,,,,*
#...)..#...###.**,,,,,,*
#......#...# *,**,,,,,,*
#.))†....### *,**,,,,,,,
#..†####.#****,**,,,,,,,
#...#,,,..,,**,,,,,,,,,,
#...*,,,,**,**,,,,,,,,,,


You could see Robin, a hobgoblin (strong) and 3 goblins.

Vanquished Creatures
  3 ball pythons (D:1)
  2 endoplasms (D:1)
  6 goblins
  5 hobgoblins
  2 frilled lizards
  A rat (D:1)
19 creatures vanquished.

Vanquished Creatures (others)
  52 foxfires
52 creatures vanquished.

Grand Total: 71 creatures vanquished

Notes
Turn   | Place    | Note
-------+----------+-------------------------------------------
     0 | D:1      | robertstho the Djinni Fire Elementalist began the quest for
                  | the Orb.
     0 | D:1      | Reached XP level 1. HP: 15/15 MP: 0/0
   327 | D:1      | Reached skill level 3 in Spellcasting
   399 | D:1      | Reached XP level 2. HP: 18/21 MP: 0/0
  1032 | D:2      | Noticed Robin
  1043 | D:2      | Hit by a goblin thrown by Robin

Illustrated notes

Levels and vault maps discovered:
D:1:      psy_arrival_heroes, layout_loops_ring, hangedman_glass_teeth
D:2:      kennysheep_the_goblin_king, layout_basic,
          nicolae_overflow_crystal_walls, nrook_uturn, minmay_3d_cube,
          uniq_robin

Skill      XL: |  1 |
---------------+----+-----
Spellcasting   | 3 |  3.4
Fighting       | |  0.5
Dodging        | |  2.2
Stealth        | |  1.5

Action                   || total
-------------------------++-------
 Cast: Foxfire           ||    32
  Use: Scroll            ||     1
Armor: Robe              ||     3
Dodge: Dodged            ||     7

Table legend: (Time is in decaauts)
 A = Elapsed time spent in this place.
 B = Non-inter-level travel time spent in this place.
 C = Inter-level travel time spent in this place.
 D = Time resting spent in this place.
 E = Time spent auto-exploring this place.
 F = Levels seen in this place.
 G = Mean time per level.
                   A        B        C        D        E       F      G
               +--------+--------+--------+--------+--------+-----+--------+
         Total |   1042 |   1024 |     18 |      0 |    938 |   2 |  521.0 |
       Dungeon |   1042 |   1024 |     18 |      0 |    938 |   2 |  521.0 |
               +--------+--------+--------+--------+--------+-----+--------+

Top non-repeatable levels by time:
     D:1: 1023 daAuts
     D:2: 18 daAuts
